 Dungeon Crawl Stone Soup version 0.20.0-15-g7f486f2 (webtiles) character file.

59 vishdafish the Skirmisher (level 4, -23/29 HPs)
             Began as a Gargoyle Fighter on June 19, 2017.
             Annihilated by an ogre
             ... wielding a +0 giant club
              (27 damage)
             ... on level 2 of the Dungeon.
             The game lasted 00:02:05 (1431 turns).

vishdafish the Skirmisher (Gargoyle Fighter)        Turns: 1431, Time: 00:02:06

Health: -23/29     AC: 10    Str: 25    XL:     4   Next: 3%
Magic:  4/4        EV:  7    Int:  9    God:
Gold:   71         SH:  9    Dex:  9    Spells: 3/3 levels left

rFire    . . .     SeeInvis .   a - +0 flail
rCold    . . .     Gourm    .   c - +0 shield
rNeg     + . .     Faith    .   b - +0 scale mail
rPois    ∞         Spirit   .   (no helmet)
rElec    +         Reflect  .   (no cloak)
rCorr    .         Harm     .   (no gloves)
MR       .....                  (no boots)
Stlth    ..........             (no amulet)
Regen    0.1/turn               (no ring)
MPRegen  0.1/turn               (no ring)

@: mighty
A: negative energy resistance 1, electricity resistance, unbreathing,
petrification resistance, rot immunity, AC +3
a: no special abilities


You were on level 2 of the Dungeon.
You were not hungry.

You visited 1 branch of the dungeon, and saw 3 of its levels.

You collected 71 gold pieces.

Inventory:

Hand Weapons
 a - a +0 flail (weapon)
Armour
 b - a +0 scale mail (worn)
 c - a +0 shield (worn)
Scrolls
 g - 2 scrolls of identify {unknown}
 j - a scroll of enchant weapon {unknown}
 l - a scroll of fog {unknown}
Potions
 d - a potion of might
 e - 3 potions of invisibility {unknown}
 i - a potion of curing {unknown}
 k - a potion of flight {unknown}
Books
 m - a book of Misfortune

   Spells                             Type                      Level
   a - Confusing Touch                Hexes                        1
   b - Confuse                        Hexes                        3
   c - Gell's Gravitas                Translocation                3
   d - Petrify                        Transmutation/Earth          4
   e - Metabolic Englaciation         Hexes/Ice                    5
   f - Yara's Violent Unravelling     Hexes/Transmutation          5
Comestibles
 f - a bread ration
 h - a meat ration
 n - 4 fruits


   Skills:
 + Level 4.1 Fighting
 + Level 3.1 Maces & Flails
 + Level 3.5 Armour
 + Level 0.2 Dodging
 + Level 3.4 Shields


You had 3 spell levels left.
You didn't know any spells.

Dungeon Overview and Level Annotations

Branches:
Dungeon (3/15)

Altars:


Innate Abilities, Weirdness & Mutations

You are resistant to torment.
Your stone body is resilient. (AC +3)
You are immune to poison.
You resist negative energy. (rN+)
You are resistant to electric shocks. (rElec)
You can survive without breathing.
You are immune to petrification.
You are immune to rotting.


Message History

Found a stone staircase leading down.
There is a stone staircase leading up here.
You thump the ogre!
The ogre is moderately wounded.
The ogre barely misses you.
You closely miss the ogre.
The ogre is moderately wounded.
The ogre hits you with a giant club!
You barely miss the ogre.
The ogre is moderately wounded.
The ogre hits you with a giant club!
Ouch! That really hurt!
* * * LOW HITPOINT WARNING * * *
You block the ogre's attack.
You climb upwards.
There is a stone staircase leading down here.
You feel very mighty all of a sudden. The ogre hits you with a giant club!!
Ouch! That really hurt!
You die...

###.# #.#######..#...... ###.####
##.## #..#...... #......# #...#
#......... .......# #...#
##.#..#..# ..#.#..# #...#
#.......# .>#.#..# #####...#####
###..#.##
.......####...........###......##
..#.#..........O.............#...
..^....####.[...@.....###.#..#.##
#......# #####...##### #.#.##.#
#.###..# #...# #.#.##.# #......#
#...# #......# #####.## #...#
###.#### #.# ######.## #.#####
#####.# #......## #.#..>#
......### #.......# #####.#...#
#.##....###.#####.#####......(...


You could see an ogre.

Vanquished Creatures
  An adder (D:2)
  A worm (D:2)
  2 leopard geckos (D:1)
  6 hobgoblins
  4 jackals (D:2)
  9 kobolds
  A quokka (D:2)
  7 bats
  5 frilled lizards
  2 goblins (D:1)
  6 rats
44 creatures vanquished.

Notes
Turn   | Place    | Note
-------+----------+-------------------------------------------
     0 | D:1      | vishdafish the Gargoyle Fighter began the quest for the Orb.
     0 | D:1      | Reached XP level 1. HP: 14/14 MP: 1/1
   110 | D:1      | Reached XP level 2. HP: 19/20 MP: 2/2
   490 | D:1      | Reached skill level 4 in Fighting
   710 | D:1      | Reached XP level 3. HP: 24/24 MP: 3/3
  1087 | D:2      | Reached XP level 4. HP: 29/29 MP: 4/4
  1425 | D:3      | Noticed an ogre
  1431 | D:2      | Annihilated by an ogre

Skill      XL: |  1  2  3 |
---------------+----------+-----
Fighting       | 4 |  4.1
Maces & Flails | 3 |  3.1
Armour         | |  3.5
Dodging        | |  0.2
Shields        | |  3.4

Action                   |  1- 3 |  4- 6 || total
-------------------------+-------+-------++-------
Melee: Flail             |   128 |     6 ||   134
  Use: Potion            |       |     1 ||     1
  Eat: Bread ration      |       |     1 ||     1
Armor: Scale mail        |    75 |     1 ||    76
Dodge: Dodged            |    47 |     4 ||    51
Block: Shield            |    71 |     3 ||    74
